 Dungeon Crawl Stone Soup version 0.18-a0-23-g19353e1 (console) character file.

46 vogonpoet the Chucker (level 3, 0/49 HPs)
             Began as a Troll Hunter on Nov 3, 2015.
             Succumbed to an adder's poison
             ... on level 2 of the Dungeon.
             The game lasted 00:03:39 (891 turns).

vogonpoet the Chucker (Troll Hunter)                 Turns: 891, Time: 00:03:39

Health: 0/49       AC: 21    Str: 20    XL:     3   Next: 44%
Magic:  2/2        EV:  1    Int:  7    God:
Gold:   22         SH:  0    Dex: 14    Spells: 0 memorised, 2 levels left

rFire  . . .     SeeInvis .     c - +0 short sword
rCold  . . .     Clarity  .     (armour currently unavailable)
rNeg   + + +     SustAt   .     (no shield)
rPois  +         Gourm    +     (helmet currently unavailable)
rElec  .         Spirit   .     (cloak currently unavailable)
rCorr  .         Warding  .     (gloves unavailable)
rMut   .         NoTele   +     (boots unavailable)
MR     .....                    (no amulet)
Stlth  ++........               (no ring)
                                n - +3 ring of dexterity

@: lethally poisoned (0 -> -3), tree-form, not resistant to hostile
enchantments, unstealthy
A: unfitting armour, (claws 0), fast metabolism 3, gourmand, regeneration 2,
(shaggy fur 0), (tough skin 0)
a: no special abilities


You were on level 2 of the Dungeon.
You were completely stuffed.
You were a tree.
You visited 1 branch of the dungeon, and saw 2 of its levels.

You collected 22 gold pieces.

Inventory:

Hand Weapons
 c - a +0 short sword (weapon)
Missiles
 a - 5 large rocks (quivered)
 b - 2 throwing nets
 m - 6 tomahawks
 o - 16 poisoned needles
Armour
 d - a +0 robe (melded)
Jewellery
 n - a +3 ring of dexterity (left branch)
Scrolls
 g - a scroll of recharging {unknown}
 h - 2 scrolls of identify {unknown}
 l - a scroll of teleportation {unknown}
Potions
 f - a potion of flight
 j - a potion of curing {unknown}
 k - a potion of lignification
Comestibles
 e - 3 bread rations
 i - 6 chunks of flesh


   Skills:
 - Level 1.5 Fighting
 - Level 3.6 Throwing
 - Level 1.5 Dodging
 - Level 0.4 Stealth
 + Level 3.1 Unarmed Combat


You had 2 spell levels left.
You didn't know any spells.

Dungeon Overview and Level Annotations

Branches:
Dungeon (2/15)

Altars:


Innate Abilities, Weirdness & Mutations

You are too large for most types of armour.
((You have claws for hands.))
Your metabolism is lightning-fast.
You like to eat raw meat.
You heal very quickly.
((You are covered in fur (AC +1).))
((You have very tough skin (AC +2).))


Message History

You hit the adder.
The adder is severely wounded.
* * * LOW HITPOINT WARNING * * *
You feel sick. The adder bites you.
* * * LOW HITPOINT WARNING * * *
You barely miss the adder.
The adder is severely wounded.
* * * LOW HITPOINT WARNING * * *
You feel sick. The adder bites you but does no damage.
The adder closely misses you.
Drink which item? (? for menu, Esc to quit)
It was a potion of flight.
You feel very buoyant.
You fly up into the air.
* * * LOW HITPOINT WARNING * * *
You feel sick. The adder misses you.
Drink which item? (? for menu, Esc to quit)
It was a potion of lignification.
You turn into a tree.
Your +0 robe melds into your body.
Your roots penetrate the ground.
You die...

#....# #.#
..##.#.##
.........##
..###.....#
###...#
#....#.##
#.####..#
#.####(.#
#......♣#
#......S.....#
##.......#.#.#
.......... #
####.......
#.##.#..# #.
#...># #.
######


You could see an adder.

Vanquished Creatures
  2 oozes
  A worm (D:2)
  2 giant geckos (D:1)
  2 goblins (D:1)
  5 hobgoblins
  3 kobolds (D:1)
  A ball python (D:1)
  7 bats (D:1)
  2 giant cockroaches (D:1)
  2 giant newts (D:1)
  6 rats
33 creatures vanquished.

Notes
Turn   | Place    | Note
--------------------------------------------------------------
     0 | D:1      | vogonpoet the Troll Hunter began the quest for the Orb.
     0 | D:1      | Reached XP level 1. HP: 19/19 MP: 0/0
    93 | D:1      | Reached skill level 1 in Unarmed Combat
   160 | D:1      | Reached XP level 2. HP: 22/27 MP: 1/1
   438 | D:1      | Reached XP level 3. HP: 33/33 MP: 2/2
   889 | D:2      | HP: 1/33 [poisoned by an adder]
   891 | D:2      | Succumbed to an adder's poison

Vault maps used:
D:1:      dpeg_arrival_water_temple_mockup

Action                   || total
-------------------------++-------
Melee: Short sword       ||   153
  Use: Potion            ||     2
 Stab: Sleeping          ||     1
  Eat: Chunk             ||    14
